 Dungeon Crawl Stone Soup version 0.31.0-32-g396128a36d (webtiles) character file.

Game seed: 17312989827397137051

66614 KKCryptic the Basher (level 15, -2/149 HPs)
             Began as an Oni Gladiator on Mar 5, 2024.
             Was the Champion of Okawaru.
             Slain by a white ugly thing (37 damage)
             ... on level 14 of the Dungeon on Mar 22, 2024.
             The game lasted 01:59:35 (27368 turns).

KKCryptic the Basher (Oni Gladiator)               Turns: 27368, Time: 01:59:36

Health: -2/149     AC: 11    Str: 32    XL:     15   Next: 20%
Magic:  27/27      EV: 14    Int: 20    God:    Okawaru [******]
Gold:   831        SH:  0    Dex: 16    Spells: 7/30 levels left

rFire   + . .        K - +8 giant spiked club (spect)
rCold   x . .        (shield currently unavailable)
rNeg    . . .        W - +5 robe of Night {Dark Will+ SInv}
rPois   +            c - +2 hat
rElec   +            o - +0 cloak of Hedonism {Int+7}
rCorr   .            (gloves unavailable)
SInv    +            (boots unavailable)
Will    ++...        R - amulet "Deorhun" {Acrobat Stlth+}
Stlth   ++           b - ring "Rujuxer" {+Blink rElec rC- Str+6 Dex+6}
HPRegen 0.44/turn    S - ring "Komotet" {Fly rPois rF+ Int+2}
MPRegen 0.20/turn

%: acrobat
@: confused, ambrosia-drunk, marked, flying, studying Dodging
A: large, unfitting armour, horns 1, tough skin 1, double potion healing,
drunken brawling
a: Renounce Religion, Evoke Blink, Heroism, Finesse, Duel


You were on level 14 of the Dungeon.
You worshipped Okawaru.
Okawaru was exalted by your worship.
You visited 3 branches of the dungeon, and saw 20 of its levels.
You also visited: Sewer, Ossuary and Gauntlet.

You collected 2546 gold pieces.
You spent 1715 gold pieces at shops.

Inventory:

Hand Weapons
 K - a +8 spectral giant spiked club (weapon)
Missiles
 d - 2 throwing nets
 g - 7 darts of dispersal
 i - 65 poisoned darts
 v - 5 atropa-tipped darts
 y - 4 silver javelins
 H - 9 large rocks (quivered)
 N - 3 curare-tipped darts
 V - 5 javelins
Armour
 c - a +2 hat (worn)
 o - the +0 cloak of Hedonism (worn) {Int+7}
   (You found it in a Gauntlet)

   Int+7:     It affects your intelligence (+7).
 W - the +5 robe of Night (worn) {Dark Will+ SInv}
   (You took it off a minotaur in a Gauntlet)

   Dark:      It shrouds the wearer in darkness, reducing the range at which
   they can see and be seen by others.
   Will+:     It increases your willpower.
   SInv:      It lets you see invisible.
Jewellery
 b - the ring "Rujuxer" (left hand) {+Blink rElec rC- Str+6 Dex+6}
   (You acquired it on level 9 of the Dungeon)

   [ring of strength]

   Str+6:     It affects your strength (+6).
   Dex+6:     It affects your dexterity (+6).
   rC-:       It makes you vulnerable to cold.
   rElec:     It insulates you from electricity.
   +Blink:    It lets you blink.
 E - a ring of ice
 M - a ring of wizardry
 R - the amulet "Deorhun" (around neck) {Acrobat Stlth+}
   (You found it in a Gauntlet)

   [amulet of the acrobat]

   Acrobat:   It increases your evasion while moving and waiting.
   Stlth+:    It makes you more stealthy.
 S - the ring "Komotet" (right hand) {Fly rPois rF+ Int+2}
   (You took it off a minotaur in a Gauntlet)

   [ring of flight]

   Int+2:     It affects your intelligence (+2).
   rF+:       It protects you from fire.
   rPois:     It protects you from poison Fly: It grants you flight.
Wands
 a - a wand of mindburst (8)
 f - a wand of polymorph (25)
 k - a wand of iceblast (2)
 O - a wand of paralysis (2)
 P - a wand of flame (16)
 Z - a wand of quicksilver (2)
Scrolls
 e - 2 scrolls of amnesia
 h - 10 scrolls of teleportation
 m - 4 scrolls of torment
 q - 4 scrolls of fog
 r - a scroll of silence
 s - 8 scrolls of vulnerability
 x - 5 scrolls of fear
 A - 2 scrolls of revelation
 G - 2 scrolls of blinking
 I - a scroll of enchant weapon
 J - a scroll of enchant armour
 L - a scroll of poison
Potions
 j - 7 potions of ambrosia
 l - 2 potions of brilliance
 p - a potion of resistance {unknown}
 t - a potion of enlightenment
 u - a potion of heal wounds
 w - 7 potions of attraction
 z - 2 potions of invisibility
 B - 4 potions of cancellation
 C - 3 potions of berserk rage
 F - 2 potions of lignification
 T - 4 potions of curing
 Y - a potion of mutation
Miscellaneous
 n - a condenser vane
 Q - a phial of floods
 U - a lightning rod (4/4)


   Skills:
 - Level 10.0 Fighting
 + Level 13.3 Maces & Flails
 + Level 9.0 Throwing
 + Level 8.7 Dodging
 + Level 3.3 Stealth
 - Level 8.0 Spellcasting
 + Level 7.9 Conjurations
 + Level 7.8 Alchemy
 - Level 10.0 Invocations
 + Level 7.0 Evocations


You had 7 spell levels left.
You knew the following spells:

 Your Spells              Type           Power      Damage    Failure   Level
a - Magic Dart            Conj           100%       1d8       1%          1
b - Mercury Vapours       Alch/Air       46%        N/A       2%          2
c - Passwall              Erth           8%         N/A       26%         3
d - Olgreb's Toxic Radia  Alch           39%        N/A       3%          4
e - Fulminant Prism       Conj/Alch      19%        3d11      3%          4
f - Irradiate             Conj/Alch      19%        3d18      10%         5
g - Vhi's Electric Charg  Tloc/Air       16%        N/A       63%         4

Your spell library contained the following spells:

 Spells                   Type           Power      Damage    Failure   Level
 Kiss of Death            Conj/Necr      92%        2d12      1%          1
 Sting                    Conj/Alch      100%       1d9       1%          1
 Searing Ray              Conj           78%        2d7       1%          2
 Static Discharge         Conj/Air       46%        3-5/arc   2%          2
 Stone Arrow              Conj/Erth      46%        3d9       4%          3
 Sandblast                Erth           16%        2d6       9%          1
 Sublimation of Blood     Necr           8%         N/A       13%         2
 Brom's Barrelling Bould  Conj/Erth      23%        2d4       17%         4
 Petrify                  Alch/Erth      23%        N/A       17%         4
 Confusing Touch          Hex            8%         N/A       26%         3
 Arcjolt                  Conj/Air       11%        1d21      43%         5
 Airstrike                Air            4%         2d(1-17)  63%         4
 Dispel Undead            Necr           8%         3d8       63%         4
 Plasma Beam              Fire/Air       4%         2x1d14    100%        6
 Ozocubu's Refrigeration  Ice            4%         4d8       100%        7
 Discord                  Hex            4%         N/A       100%        8
 Summon Lightning Spire   Summ/Air       Unusable   N/A       N/A         4

Dungeon Overview and Level Annotations

Branches:
Dungeon (14/15)            Temple (1/1) D:5            Lair (5/5) D:11
 Shoals (0/4) Lair:3       Spider (0/4) Lair:3        Slime (0/5) Lair:4
    Orc (0/2) D:11         Vaults (0/5) D:13          Sewer (visited)
Ossuary (visited)         Gauntlet (visited)

Altars:
Ashenzari
Cheibriados
Dithmenos
Elyvilon
Fedhas
Gozag
Hepliaklqana
Kikubaaqudgha
Makhleb
Nemelex Xobeh
Okawaru
Qazlal
Ru
Sif Muna
Trog
Uskayaw
Vehumet
Wu Jian
Xom
Yredelemnul
Zin
The Shining One
Jiyva

Shops:
D:2 *   D:7 ?   D:10 *

Portals:
Trove: D:13 (give 3 scrolls of blinking)


Innate Abilities, Weirdness & Mutations

You are too large for most types of armour.
You have a pair of small horns on your head.
You have tough skin. (AC +1)
You gain doubled healing and magic from potions.
Whenever you drink a healing potion, you attack all around you.


Message History

Okawaru accepts your kill.
You barely miss the white ugly thing. You headbutt the white ugly thing!
The white ugly thing is lightly wounded.
You savour every drop.
You feel much better.
Your +8 spectral giant spiked club barely misses the white ugly thing.
The white ugly thing pecks you but does no damage.
Your life force feels restored.
You pound the white ugly thing like an anvil!!!
You headbutt the white ugly thing.
The white ugly thing is almost dead.
Your +8 spectral giant spiked club closely misses the white ugly thing.
The white ugly thing pecks you! The white ugly thing freezes you!!
You feel a terrible chill!
* * * LOW HITPOINT WARNING * * *
Casting: Olgreb's Toxic Radiance (mildly dangerous; 3% risk of failure)
Confirm with . or Enter, or press ? or * to list all spells.
Okay, then.
You take a swig of the potion and twirl your +8 spectral giant spiked club.
You sock the white ugly thing! You headbutt the white ugly thing.
The white ugly thing is lightly wounded.
You completely miss the white ugly thing.
The white ugly thing is almost dead.
You are confused.
You savour every drop.
You feel invigorated.
Your +8 spectral giant spiked club hits the white ugly thing!
You kill the white ugly thing!
Okawaru accepts your kill.
Your +8 spectral giant spiked club hits the white ugly thing!
A cyclops comes into view.
The white ugly thing engulfs you but does no damage.
A troll comes into view.
Your Evocations skill increases to level 7!
You are too confused!
Okay, then.
You're too confused to move!
Your +8 spectral giant spiked club disappears.
The white ugly thing engulfs you.
* * * LOW HITPOINT WARNING * * *
The white ugly thing freezes you!!!
You feel a terrible chill!
You die...

........#
########......###################
.....).#........#.....#..........
.......#........'.....#....."....
.......#........#C....#..........
.......#........#.....#..........
.......##########.....#.....##'##
................u...........#....
............T.).@..<........#....
............................#....
............................#....
#################################


You could see a white ugly thing, a cyclops and a troll.

Vanquished Creatures
  Agnes (D:14)
  A minotaur (Gauntlet)
  3 hydras (D:13)
  A centaur warrior (D:13)
  A vault guard (D:13)
  Fannar (D:12)
  3 catoblepae (Lair:5)
  2 boulder beetles
  2 two-headed ogres
  13 death yaks
  Urug (Lair:2)
  Nergalle (D:11)
  2 skysharks
  A death drake (Gauntlet)
  A lindwurm (D:13)
  Pikel (D:7)
  2 necromancers (Gauntlet)
  A deep elf pyromancer (D:9)
  5 ugly things
  A wolf spider (Lair:1)
  Maurice (D:7)
  2 oklob plants
  2 manticores (Lair:5)
  12 elephants
  A spectral centaur (Gauntlet)
  3 black mambas
  A cyclops (D:11)
  Joseph (D:10)
  11 cane toads
  2 gargoyles
  3 rime drakes (Lair:1)
  2 kobold demonologists (D:12)
  14 komodo dragons
  An efreet (D:13)
  An unseen horror (D:10)
  A queen bee (Lair:1)
  3 polar bears
  2 trolls
  Prince Ribbit (D:8)
  A spectral meliai (Gauntlet)
  A snapping turtle (Lair:3)
  71 yaks
  2 culicivoras (Lair:3)
  A water elemental (Lair:3)
  A vampire (D:11)
  2 wraiths
  4 wyverns
  Grum (D:8)
  3 basilisks
  Menkaure (D:7)
  4 steam dragons
  3 vampire mosquitoes
  An acid dragon (D:12)
  14 water moccasins
  2 orc warriors
  A black bear (D:7)
  An ice beast (D:8)
  2 laughing skulls (D:13)
  25 wolves
  5 centaurs
  2 weeping skulls
  9 kobold brigands
  19 bullfrogs
  A gnoll sergeant (D:9)
  2 scorpions
  2 burial acolytes (Ossuary)
  12 wights
  30 killer bees
  3 howler monkeys (D:9)
  3 centaur zombies (Ossuary)
  A human zombie (Ossuary)
  3 jellies
  2 orc priests
  2 hounds
  6 iguanas
  A gnoll bouda (D:9)
  4 sleepcaps
  11 orc wizards
  12 hell rats
  A statue (D:5)
  5 hound zombies (Ossuary)
  3 mummies
  Robin (D:3)
  13 gnolls
  10 adders
  3 shadow imps
  A white imp (D:8)
  6 ribbon worms
  2 dart slugs
  37 orcs
  16 ball pythons
  5 bats
  12 endoplasms
  2 giant cockroaches
  2 gnoll zombies (Ossuary)
  5 hobgoblins
  9 jackals
  A quokka (D:3)
  8 frilled lizards (D:6)
  14 goblins
  A hobgoblin zombie (D:6)
  22 kobolds
  4 orc zombies
  8 rats
  A spectral orc (D:13)
571 creatures vanquished.

Vanquished Creatures (others)
  5 dream sheep (D:5)
  A scorpion (D:6)
  A gnoll (D:9)
  An orc (D:6)
  A fulminant prism (D:12)
  A spectral weapon (Lair:2)
10 creatures vanquished.

Grand Total: 581 creatures vanquished

Notes
Turn   | Place    | Note
-------+----------+-------------------------------------------
     0 | D:1      | KKCryptic the Oni Gladiator began the quest for the Orb.
     0 | D:1      | Reached XP level 1. HP: 22/22 MP: 1/1
   197 | D:1      | Reached XP level 2. HP: 23/31 MP: 2/2
   484 | D:1      | Reached XP level 3. HP: 32/37 MP: 3/3
   576 | D:2      | Learned a level 1 spell: Magic Dart
   588 | D:2      | Found a faded altar of an unknown god.
   600 | D:2      | Prayed at the altar of an unknown god.
   600 | D:2      | Became a worshipper of Warmaster Okawaru
   600 | D:2      | Reached * piety under Okawaru
   917 | D:2      | Found Byecoaf's General Store.
  1106 | D:2      | Reached skill level 1 in Invocations
  1173 | D:2      | Reached XP level 4. HP: 45/45 MP: 4/4
  1369 | D:3      | Found a white marble altar of Elyvilon.
  1525 | D:3      | Found a burning altar of Makhleb.
  1525 | D:3      | Noticed an Executioner
  1655 | D:3      | Reached skill level 1 in Conjurations
  1669 | D:3      | Reached skill level 4 in Maces & Flails
  1672 | D:3      | Noticed Robin
  1684 | D:3      | Killed Robin
  1927 | D:4      | Reached ** piety under Okawaru
  1928 | D:4      | Reached XP level 5. HP: 39/54 MP: 6/6
  2146 | D:4      | Reached XP level 6. HP: 16/62 MP: 7/7
  2370 | D:4      | HP: 3/63 [gnoll/+0 halberd (6)]
  2399 | D:4      | Found a glowing drain.
  2408 | Sewer    | Entered a sewer
  2729 | Sewer    | Reached XP level 7. HP: 58/71 MP: 9/9
  2994 | Sewer    | Reached skill level 5 in Fighting
  3175 | Sewer    | Reached skill level 5 in Maces & Flails
  3419 | D:4      | Found a sparkling altar of Nemelex Xobeh.
  3762 | D:4      | Found a bloodstained altar of Trog.
  4248 | D:4      | Learned a level 2 spell: Searing Ray
  4278 | D:5      | Entered Level 5 of the Dungeon
  4304 | D:5      | Reached *** piety under Okawaru
  4305 | D:5      | Reached skill level 1 in Spellcasting
  4305 | D:5      | Reached XP level 8. HP: 49/80 MP: 11/11
  4454 | D:5      | Found a hide-covered altar of Uskayaw.
  4605 | D:5      | Found a blossoming altar of Fedhas.
  5001 | D:5      | Found a radiant altar of Vehumet.
  5121 | D:5      | Found a glowing silver altar of Zin.
  5374 | D:5      | Found a staircase to the Ecumenical Temple.
  5398 | Temple   | Entered the Ecumenical Temple
  5652 | D:5      | Noticed a dream sheep
  5652 | D:5      | Noticed a dream sheep
  5652 | D:5      | Noticed a dream sheep
  5652 | D:5      | Noticed a dream sheep
  5652 | D:5      | Noticed a dream sheep
  5652 | D:5      | Found a shimmering altar of Xom.
  5655 | D:5      | Killed a dream sheep
  5655 | D:5      | Killed a dream sheep
  5655 | D:5      | Killed a dream sheep
  5656 | D:5      | Killed a dream sheep
  5656 | D:5      | Killed a dream sheep
  5916 | D:6      | Reached skill level 5 in Invocations
  5928 | D:6      | Reached skill level 5 in Dodging
  5942 | D:6      | Found a sand-covered staircase.
  5948 | Ossuary  | Entered an ossuary
  6140 | Ossuary  | Reached skill level 6 in Maces & Flails
  6166 | Ossuary  | Reached XP level 9. HP: 64/88 MP: 13/13
  6522 | D:6      | Reached **** piety under Okawaru
  6777 | D:6      | Found a sacrificial altar of Ru.
  7058 | D:6      | Found a broken altar of Ashenzari.
  7300 | D:7      | Noticed Pikel
  7319 | D:7      | Found Hausuom's Magic Scroll Shoppe.
  7384 | D:7      | Bought a scroll of blinking for 120 gold pieces
  7384 | D:7      | Bought a scroll of identify for 32 gold pieces
  7384 | D:7      | Bought a scroll of identify for 32 gold pieces
  7384 | D:7      | Bought a scroll of identify for 32 gold pieces
  7680 | D:7      | Noticed Maurice
  7707 | D:6      | Reached skill level 5 in Throwing
  7707 | D:6      | Reached skill level 5 in Conjurations
  7952 | D:7      | Maurice stole 150 gold
  7955 | D:7      | Maurice stole a ring of protection from fire
  7956 | D:7      | Maurice stole 18 gold
  7976 | D:7      | Killed Pikel
  7977 | D:7      | Reached skill level 8 in Maces & Flails
  7977 | D:7      | Reached skill level 5 in Spellcasting
  8065 | D:7      | Killed Maurice
  8065 | D:7      | Reached ***** piety under Okawaru
  8066 | D:7      | Reached skill level 9 in Maces & Flails
  8066 | D:7      | Reached XP level 10. HP: 50/96 MP: 5/17
  8352 | D:7      | Noticed Menkaure
  8361 | D:7      | Killed Menkaure
  9218 | D:8      | Reached skill level 1 in Alchemy
  9225 | D:8      | Reached skill level 1 in Evocations
  9627 | D:8      | Noticed Prince Ribbit
  9643 | D:8      | Killed Prince Ribbit
  9726 | D:8      | Received a gift from Okawaru
  9881 | D:8      | HP: 3/98 [killer bee (6)]
 10503 | D:8      | Noticed Grum
 10520 | D:8      | Killed Grum
 10612 | D:8      | Found a hazy altar of Hepliaklqana.
 10643 | D:8      | Found a basalt altar of Yredelemnul.
 10644 | D:8      | Found an ornate altar of the Wu Jian Council.
 10651 | D:8      | Learned a level 2 spell: Mercury Vapours
 10655 | D:8      | Learned a level 3 spell: Passwall
 10660 | D:8      | Learned a level 4 spell: Olgreb's Toxic Radiance
 10665 | D:8      | Learned a level 4 spell: Fulminant Prism
 11068 | D:9      | Identified a scroll of acquirement
 11069 | D:9      | Acquired the ring "Rujuxer" {+Blink rElec rC- Str+6 Dex+6}
 11259 | D:9      | Noticed a deep elf pyromancer
 11281 | D:9      | Killed a deep elf pyromancer
 11282 | D:9      | Reached XP level 11. HP: 94/106 MP: 17/19
 11755 | D:9      | Received a gift from Okawaru
 11772 | D:9      | HP: 5/109 [yak (6)]
 12037 | D:9      | Reached skill level 10 in Maces & Flails
 12347 | D:10     | Entered Level 10 of the Dungeon
 12446 | D:10     | Noticed Joseph
 12468 | D:10     | Killed Joseph
 12991 | D:10     | Found Aisteputt's Alliterative Armaments.
 12997 | D:10     | Bought a +2 dire flail of draining for 211 gold pieces
 13701 | D:11     | Noticed a cyclops
 13715 | D:11     | Killed a cyclops
 13939 | D:11     | Noticed Nergalle
 13939 | D:11     | Noticed a cyan ugly thing
 13954 | D:11     | Killed Nergalle
 13965 | D:11     | Killed a cyan ugly thing
 13965 | D:11     | Received a gift from Okawaru
 14277 | D:11     | Found a staircase to the Orcish Mines.
 14302 | D:11     | Reached XP level 12. HP: 119/119 MP: 21/21
 14429 | D:11     | Found a staircase to the Lair.
 14459 | D:11     | Identified the +2 quarterstaff "Miedd" {heavy, rF+}
 14464 | D:11     | Noticed a two-headed ogre
 14468 | D:11     | Killed a two-headed ogre
 14608 | Lair:1   | Entered Level 1 of the Lair of Beasts
 14613 | Lair:1   | Reached skill level 5 in Alchemy
 14717 | Lair:1   | Reached skill level 11 in Maces & Flails
 14758 | Lair:1   | Reached skill level 5 in Evocations
 14947 | Lair:1   | Noticed a catoblepas
 15076 | Lair:1   | Received a gift from Okawaru
 16465 | Lair:1   | Noticed a death yak
 16478 | Lair:1   | Killed a death yak
 16871 | Lair:1   | Noticed a death yak
 16871 | Lair:1   | Noticed a death yak
 16885 | Lair:1   | Killed a death yak
 16890 | Lair:1   | Killed a death yak
 16969 | Lair:1   | Reached ****** piety under Okawaru
 16971 | Lair:1   | Reached XP level 13. HP: 38/128 MP: 22/22
 16981 | Lair:1   | Reached skill level 12 in Maces & Flails
 17208 | Lair:1   | Acquired a +8 spectral giant spiked club
 17208 | Lair:1   | Received a gift from Okawaru
 17210 | Lair:1   | Acquired the +2 robe of Light {rElec rPois MP+9 Str-4}
 17210 | Lair:1   | Received a gift from Okawaru
 17521 | Lair:2   | Received a gift from Okawaru
 18326 | Lair:2   | Noticed Urug
 18333 | Lair:2   | Killed Urug
 19269 | Lair:3   | Found a gate leading to a gauntlet.
 19280 | Gauntlet | Entered a Gauntlet
 19280 | Gauntlet | Found a transporter.
 19280 | Gauntlet | Found a transporter.
 19286 | Gauntlet | Found a transporter.
 19299 | Gauntlet | Found a transporter.
 19316 | Gauntlet | Found a transporter.
 19316 | Gauntlet | Found a transporter.
 19316 | Gauntlet | Found a transporter.
 19318 | Gauntlet | Found a transporter.
 19318 | Gauntlet | Found a transporter.
 19330 | Gauntlet | Found a transporter.
 19346 | Gauntlet | Found a transporter.
 19356 | Gauntlet | Found a transporter.
 19361 | Gauntlet | Found a transporter.
 19395 | Gauntlet | Found a transporter.
 19683 | Gauntlet | Identified the amulet "Deorhun" {Acrobat Stlth+}
 19983 | Gauntlet | Identified the +0 cloak of Hedonism {Int+7}
 20025 | Gauntlet | Identified the +2 glaive "Vuomoid" {heavy, rElec}
 20025 | Gauntlet | Identified the ring "Komotet" {Fly rPois rF+ Int+2}
 20025 | Gauntlet | Noticed a minotaur
 20037 | Gauntlet | Killed a minotaur
 20042 | Gauntlet | Identified the ring "Uchuowif" {Will- MP-9 Int+6 Dex+2
                  | SInv}
 20049 | Gauntlet | Identified the +0 cloak of Refuge {-Tele Will+ Slay+2 SInv}
 20360 | Lair:3   | Received a gift from Okawaru
 20368 | Lair:3   | Reached skill level 10 in Fighting
 20630 | Lair:3   | Reached XP level 14. HP: 100/143 MP: 24/24
 20751 | Lair:3   | Learned a level 5 spell: Irradiate
 20934 | Lair:3   | Found a hole to the Spider Nest.
 21107 | Lair:3   | Learned a level 4 spell: Vhi's Electric Charge
 21236 | Lair:3   | Found a staircase to the Shoals.
 21673 | Lair:4   | Found a viscous altar of Jiyva.
 21673 | Lair:4   | Found a staircase to the Slime Pits.
 21904 | Lair:4   | Reached skill level 10 in Invocations
 22072 | Lair:4   | Received a gift from Okawaru
 22520 | Lair:5   | Entered Level 5 of the Lair of Beasts
 23075 | Lair:5   | Reached skill level 1 in Stealth
 23625 | Lair:5   | Received a gift from Okawaru
 23989 | Lair:5   | Reached skill level 13 in Maces & Flails
 24286 | Lair:5   | Identified the +10 rapier "Guurisee" {flame, Str+3}
 24681 | D:2      | Bought a scroll of acquirement for 728 gold pieces
 24681 | D:2      | Acquired 879 gold pieces
 24683 | D:2      | Bought a condenser vane for 560 gold pieces
 24685 | D:2      | Upgraded the game from 0.31.0-12-g77e489cdc1 to
                  | 0.31.0-32-g396128a36d
 25141 | D:12     | Noticed Fannar
 25151 | D:12     | Killed Fannar
 25246 | D:12     | Received a gift from Okawaru
 25759 | D:12     | You are sucked into a shaft and drop 2 floors!
 26349 | D:13     | Found a basalt altar of Yredelemnul.
 26390 | D:13     | Reached XP level 15. HP: 147/149 MP: 27/27
 27003 | D:13     | Found a gate to the Vaults.
 27244 | D:13     | Found a portal to a secret trove of treasure.
 27318 | D:14     | Received a gift from Okawaru
 27356 | D:14     | Noticed Agnes
 27360 | D:14     | Killed Agnes
 27368 | D:14     | Slain by a white ugly thing

Illustrated notes

Levels and vault maps discovered:
D:1:      spicycebolla_arrival_risky_transporter, layout_rooms
D:2:      layout_loops_cross, serial_shops, shop,
          hellmonk_ecumenical_altar_pennies_from_heaven, minmay_pentomino_p2
D:3:      layout_basic, nicolae_overflow_hidden_temple,
          makhleb_altar_promises_db, minmay_shallow_snake_nest, uniq_robin
D:4:      minmay_evil_eye, layout_layer_cave, trog_three_pillars_becter,
          mainiacjoe_overflow_paths, cheibrodos_sewer_entry_bend
D:5:      layout_loops_corners, vehumet_statue, zin_treasury,
          kb_xom_exploding_sheep, fedhas_altar_4, nicolae_uskayaw_dance_hall,
          minmay_temple_entry_ruins, minmay_misc_feat_hallway
D:6:      layout_rooms, mainiacjoe_overflow_concentric_impassable,
          mainiacjoe_overflow_six_doors_small, nicolae_ossuary_entry_giza,
          minmay_lizard_king
D:7:      layout_cave_pools, serial_shops, shop, uniq_pikel, uniq_menkaure,
          uniq_maurice
D:8:      layout_loops_ring, minitemple, uniq_prince_ribbit1, uniq_grum
D:9:      layout_irregular_city, minmay_chambers_of_fives
D:10:     layout_loops_ring, minmay_misc_feat_x, monkooky_shop_alliterative,
          uniq_joseph
D:11:     layout_roguey, grunt_lair_entry_orc_guard_hut, orc_0_dummy,
          uniq_nergalle
D:12:     layout_basic, uniq_fannar
D:13:     layout_roguey, david_vaults_4, enter_trove_6,
          yredelemnul_forgotten_temple_becter
D:14:     layout_grid_maze, kennysheep_doodads, uniq_agnes
Temple:   nicolae_temple_godpark
Lair:1:   layout_cave_pods, special_room [special_room_bee],
          nicolae_lair_run_with_the_wolves, infiniplex_staircase_pool,
          grunt_megastairs_1
Lair:2:   layout_chaotic_city, uniq_urug
Lair:3:   layout_regular_city, minmay_shoals_entry_hut,
          hellmonk_spider_entry_life_and_decay, gauntlet_entry_generic,
          grunt_megastairs_2, lemuel_fruit_tree, infiniplex_staircase_pool_2
Lair:4:   layout_cave_pods, dpeg_slime_entry_enclosed, serial_bayou_shore_b
Lair:5:   evilmike_catoblepas_cave, layout_gridlike

Skill      XL: |  1  2  3  4  5  6  7  8  9 10 11 12 13 14 15 |
---------------+----------------------------------------------+-----
Fighting       | 3 4 5 6 8 10 | 10.0
Dodging        | 3 4 5 6 7 8 |  8.7
Invocations    | 1 2 3 4 5 6 8 9 10 | 10.0
Conjurations   | 1 2 3 4 5 6 7 |  7.9
Maces & Flails | 4 5 6 9 10 11 12 13 | 13.3
Spellcasting   | 1 3 5 6 7 8 |  8.0
Throwing       | 3 5 6 7 8 9 |  9.0
Alchemy        | 2 4 5 6 7 |  7.8
Evocations     | 2 4 5 6 7 |  7.0
Stealth        | 2 3 |  3.3

Action                     |  1- 3 |  4- 6 |  7- 9 | 10-12 | 13-15 || total
---------------------------+-------+-------+-------+-------+-------++-------
  Melee: Flail             |    84 |   181 |   144 |       |       ||   409
         Headbutt          |    10 |    40 |    80 |   143 |    75 ||   348
         Punch             |       |     1 |     1 |       |       ||     2
         Dire flail        |       |       |   334 |   684 |     7 ||  1025
         Unarmed           |       |       |     4 |       |       ||     4
         Giant spiked club |       |       |       |       |   348 ||   348
  Throw: Large rock        |     4 |     5 |     8 |    11 |    57 ||    85
         Boomerang         |       |    14 |     2 |     8 |       ||    24
         Throwing net      |       |       |     2 |       |       ||     2
         Dart              |       |       |    17 |       |       ||    17
   Cast: Magic Dart        |       |       |     7 |     8 |       ||    15
         Searing Ray       |       |       |     4 |     1 |       ||     5
         Olgreb's Toxic Ra |       |       |       |       |    13 ||    13
         Irradiate         |       |       |       |       |     7 ||     7
         Fulminant Prism   |       |       |       |       |     1 ||     1
         Mercury Vapours   |       |       |       |       |     1 ||     1
 Invoke: Heroism           |       |       |       |     6 |     2 ||     8
         Finesse           |       |       |       |       |     1 ||     1
         Receive Weapon    |       |       |       |       |     1 ||     1
         Receive Armour    |       |       |       |       |     1 ||     1
  Evoke: Wand              |       |       |       |     3 |       ||     3
    Use: Scroll            |       |     7 |    12 |    13 |     8 ||    40
         Potion            |       |     2 |     6 |     8 |     4 ||    20
   Stab: Sleeping          |       |       |       |       |     7 ||     7
         Distracted        |       |       |       |       |     5 ||     5
 Armour: Robe              |    69 |   129 |   242 |   393 |   306 ||  1139
         Skin              |       |       |    62 |     9 |       ||    71
  Dodge: Dodged            |    69 |   163 |   349 |   402 |   233 ||  1216
